 Dungeon Crawl Stone Soup version 0.30-a0-12-gd8047c6341 (webtiles) character file.

Game seed: 5557475928353353236

106 NinjaNoafa the Grasshopper (level 4, -3/35 HPs)
             Began as a Palentonga Warper on Aug 23, 2022.
             Was an Initiate of Nemelex Xobeh.
             Slain by a kobold
             ... wielding a +0 club
              (4 damage)
             ... in a sewer.
             The game lasted 00:07:01 (3610 turns).

NinjaNoafa the Grasshopper (Palentonga Warper)      Turns: 3610, Time: 00:07:03

Health: -3/35      AC:  5    Str: 17    XL:     4   Next: 55%
Magic:  5/7        EV:  9    Int: 15    God:    Nemelex Xobeh [......]
Gold:   167        SH:  0    Dex:  9    Spells: 5/7 levels left

rFire   . . .      SeeInvis +    e - +2 dagger (holy)
rCold   . . .      Faith    .    (no shield)
rNeg    + . .      Spirit   .    b - +0 leather armour
rPois   .          Reflect  .    r - +0 helmet
rElec   .          Harm     .    (no cloak)
rCorr   .          Rampage  .    (no gloves)
Will    .....                    (no barding)
Stlth   +.........               (no amulet)
HPRegen 0.11/turn                i - ring of positive energy
MPRegen 0.10/turn                (no ring)

@: attractive
A: large, rugged brown scales 3, see invisible, deformed body, roll 1, armoured
tail
a: Rolling Charge, Renounce Religion, Draw Escape, Draw Destruction, Draw
Summoning


You were in a sewer.
You worshipped Nemelex Xobeh.
Nemelex Xobeh was noncommittal.
You visited 1 branch of the dungeon, and saw 4 of its levels.
You also visited: Sewer.

You collected 167 gold pieces.

Inventory:

Hand Weapons
 e - a +2 dagger of holy wrath (weapon)
Missiles
 d - 7 boomerangs of dispersal (quivered)
 o - 5 stones
 s - 12 poisoned darts
Armour
 b - a +0 leather armour (worn)
 r - a +0 helmet (worn)
Jewellery
 i - a ring of positive energy (left hand)
Wands
 q - a wand of digging (6)
Scrolls
 c - 2 scrolls of blinking
 f - 4 scrolls of teleportation {unknown}
 h - 2 scrolls of enchant armour {unknown}
 k - a scroll of vulnerability {unknown}
 n - 5 scrolls of identify {unknown}
 p - a scroll of amnesia {unknown}
 t - a scroll of torment {unknown}


   Skills:
 - Level 2.0 Fighting
 - Level 2.0 Axes
 - Level 0.6 Throwing
 - Level 0.7 Armour
 - Level 1.5 Dodging
 - Level 2.0 Spellcasting
 + Level 1.5 Conjurations
 + Level 4.9 Translocations


You had 5 spell levels left.
You knew the following spells:

 Your Spells              Type           Power      Damage    Failure   Level
a - Blink                 Tloc           32%        N/A       5%          2

Your spell library contained the following spells:

 Spells                   Type           Power      Damage    Failure   Level
 Gell's Gravitas          Tloc           16%        N/A       11%         3
 Lesser Beckoning         Tloc           16%        N/A       11%         3
 Teleport Other           Tloc           16%        N/A       11%         3
 Magic Dart               Conj           24%        1d4       14%         1
 Searing Ray              Conj           12%        2d4       21%         2
 Manifold Assault         Tloc           16%        N/A       67%         5
 Fulminant Prism          Conj/Hex       1%         3d6       88%         4


Dungeon Overview and Level Annotations

Branches:
Dungeon (4/15)              Sewer (1/1)
 Temple: D:4-7

Altars:
Elyvilon
Gozag
Nemelex Xobeh


Innate Abilities, Weirdness & Mutations

You are completely covered in rugged brown scales. (AC +3, +7% HP)
You have supernaturally acute eyesight. (SInv)
Armour fits poorly on your strangely shaped body.
You can roll at nearby foes to attack.
You have a long armoured tail.


Message History

The endoplasm hits you but does no damage.
You hit the endoplasm.
You kill the endoplasm!
The kobold hits you with a +0 club. The endoplasm closely misses you.
The kobold hits you but does no damage. The shadow imp gestures at you.
Pain shoots through your body!
You hit the endoplasm.
The endoplasm is lightly wounded.
The kobold hits you with a +0 club.
* * * LOW HITPOINT WARNING * * *
The endoplasm hits you but does no damage.
The kobold hits you but does no damage. The shadow imp hits you.
* * * LOW HITPOINT WARNING * * *
Your magical contamination has completely faded away.
It was a potion of invisibility.
You fade into invisibility!
The endoplasm barely misses you. The kobold barely misses you.
The kobold hits you but does no damage. The shadow imp hits you.
* * * LOW HITPOINT WARNING * * *
You feel better. The kobold barely misses you. The endoplasm freezes you.
You are frozen.
* * * LOW HITPOINT WARNING * * *
The kobold hits you but does no damage. The shadow imp hits you.
* * * LOW HITPOINT WARNING * * *
It was a potion of attraction.
You feel attractive to monsters. The kobold hits you but does no damage.
The endoplasm freezes you.
You are frozen.
* * * LOW HITPOINT WARNING * * *
The shadow imp barely misses you. The kobold barely misses you.
It was a potion of cancellation.
Your magical effects are unravelling.
You feel magically purged.
You flicker back into view.
The kobold hits you with a +0 club.
You die...
Your body disappears without a glow.

≈≈≈≈≈≈#...#≈≈≈≈≈
≈≈≈≈≈~#...~≈≈≈≈≈
≈≈≈≈≈~#...#≈≈≈≈≈
#≈≈≈#≈≈≈≈≈≈≈...#≈≈≈≈≈
#≈≈≈#≈≈≈≈≈≈≈...≈≈≈≈≈≈
#≈≈≈#≈≈≈≈≈~#...#≈≈≈≈≈
#≈≈≈#≈≈≈≈≈≈~K..#≈≈≈≈≈
#≈≈≈#≈≈≈≈≈≈#J5.≈~≈≈≈≈
#≈≈≈#≈≈≈≈≈≈#@K.#≈≈≈≈≈
#~~~#≈≈≈≈≈ #K..#~≈≈≈≈
##.##########.## ≈≈≈≈
#...........)..# ~~≈
#.~~~~~~~≈~~~~≈~~≈≈≈≈
#.~~≈≈≈≈≈≈≈≈~≈~#~~≈≈~
#.~≈#################
#.≈≈# #.~≈#


You could see a shadow imp, an endoplasm and 3 kobolds.

Vanquished Creatures
  2 river rats (D:4)
  A shadow imp (Sewer)
  3 worms
  A dart slug (D:1)
  An orc (D:3)
  5 ball pythons
  6 bats
  10 endoplasms
  4 giant cockroaches
  3 goblins
  6 hobgoblins
  4 quokkas
  3 frilled lizards
  7 kobolds
  6 rats
62 creatures vanquished.

Notes
Turn   | Place    | Note
-------+----------+-------------------------------------------
     0 | D:1      | NinjaNoafa the Palentonga Warper began the quest for the
                  | Orb.
     0 | D:1      | Reached XP level 1. HP: 17/17 MP: 3/3
   115 | D:1      | Found a faded altar of an unknown god.
   189 | D:1      | Reached XP level 2. HP: 18/23 MP: 5/5
   493 | D:1      | Reached skill level 4 in Translocations
  1118 | D:1      | Reached XP level 3. HP: 28/28 MP: 6/6
  1541 | D:2      | Learned a level 2 spell: Blink
  2521 | D:3      | Found a sparkling altar of Nemelex Xobeh.
  2522 | D:3      | Found an opulent altar of Gozag.
  2533 | D:3      | Became a worshipper of Nemelex Xobeh the Trickster
  2648 | D:3      | Found a white marble altar of Elyvilon.
  3118 | D:4      | Reached skill level 1 in Conjurations
  3118 | D:4      | Reached XP level 4. HP: 29/35 MP: 7/7
  3463 | D:4      | Found a glowing drain.
  3467 | Sewer    | Entered a sewer
  3609 | Sewer    | HP: 1/35 [frozen (5)]
  3610 | Sewer    | Slain by a kobold

Illustrated notes

Levels and vault maps discovered:
D:1:      eino_arrival_tree_alley, layout_loops_ring,
          ebering_ecumenical_altar_sacrificial
D:2:      layout_basic
D:3:      layout_rooms, grunt_temple_overflow_opulence, elyvilon_altar_3,
          serial_co_window_serial, co_window_corner_a, co_window_paths_a,
          co_window_paths_b, co_window_corner_a, co_window_paths_b,
          co_window_unsneaky_path_d, co_window_unsneaky_path_e,
          co_window_2corner, co_window_broadway_b, co_window_unsneaky_path_e,
          glass_columns_b, glass_columns_a
D:4:      layout_basic, gup_sewer_entry_spiral
Sewer:    kennysheep_sewer_church

Skill      XL: |  1  2  3 |
---------------+----------+-----
Translocations | 4 |  4.9
Conjurations   | 1 |  1.5
Fighting       | |  2.0
Axes           | |  2.0
Throwing       | |  0.6
Armour         | |  0.7
Dodging        | |  1.5
Spellcasting   | |  2.0

Action                   |  1- 3 |  4- 6 || total
-------------------------+-------+-------++-------
Melee: Dagger            |   141 |    56 ||   197
       Hand axe          |     7 |       ||     7
       Tailslap          |    21 |     7 ||    28
       Punch             |     3 |       ||     3
 Cast: Blink             |     6 |     3 ||     9
 Abil: Rolling Charge    |    38 |     8 ||    46
  Use: Potion            |       |     6 ||     6
Armor: Leather armour    |    61 |    25 ||    86
Dodge: Dodged            |    79 |    35 ||   114

Table legend: (Time is in decaauts)
 A = Elapsed time spent in this place.
 B = Non-inter-level travel time spent in this place.
 C = Inter-level travel time spent in this place.
 D = Time resting spent in this place.
 E = Time spent auto-exploring this place.
 F = Levels seen in this place.
 G = Mean time per level.
                   A        B        C        D        E       F      G
               +--------+--------+--------+--------+--------+-----+--------+
         Total |   3637 |   3573 |     64 |    100 |   2883 |   5 |  727.4 |
       Dungeon |   3494 |   3430 |     64 |    100 |   2790 |   4 |  873.5 |
         Sewer |    142 |    142 |      0 |      0 |     93 |   1 |  142.0 |
               +--------+--------+--------+--------+--------+-----+--------+

Top non-repeatable levels by time:
     D:1: 1282 daAuts
     D:2: 936 daAuts
     D:3: 892 daAuts
     D:4: 383 daAuts
   Sewer: 142 daAuts
